 Dungeon Crawl Stone Soup version 0.18.1-48-g4cf74bf (webtiles) character file.

197346 Joat the Severer (level 18, -1/174 HPs)
             Began as a Minotaur Berserker on July 28, 2016.
             Was the Champion of Trog.
             Shot with a bolt by a naga sharpshooter (20 damage)
             ... on level 4 of the Snake Pit on July 30, 2016.
             The game lasted 10:31:55 (47216 turns).

Joat the Severer (Minotaur Berserker)              Turns: 47216, Time: 10:31:56

Health: -1/174     AC: 30    Str: 26    XL:     18   Next: 18%
Magic:  27/27      EV: 11    Int: 18    God:    Trog [******]
Gold:   4001       SH: 18    Dex:  9    Spells: 0 memorised, 17 levels left

rFire  + . .     SeeInvis .     a - +10 broad axe of Gaohekoz {freeze, Int+7}
rCold  . . .     Gourm    .     i - +5 plate armour "Zana" {+Fly rPois MP+9 Dex-4}
rNeg   . . .     Faith    .     z - +5 shield {reflect}
rPois  +         Spirit   .     (helmet restricted)
rElec  .         Dismiss  .     N - +1 cloak
rCorr  +         Reflect  +     f - +1 pair of gloves of the Morning {-Tele rCorr Stlth+}
SustAt .         Harm     .     k - +0 pair of boots
MR     ++++.     NoTele   +     h - amulet "Nunealubb" {RegenMP Int+6}
Stlth  ..........               t - ring of protection from magic
                                p - ring of protection from fire

@: lethally poisoned (-1 -> -1), exhausted, regenerating, slowed, very slow,
incredibly resistant to hostile enchantments, extremely unstealthy
A: retaliatory headbutt, horns 2
a: Berserk, Trog's Hand, Brothers in Arms, Burn Spellbooks, Renounce Religion,
Evoke Flight


You were on level 4 of the Snake Pit.
You worshipped Trog.
Trog was exalted by your worship.
You were very hungry.

You visited 4 branches of the dungeon, and saw 29 of its levels.
You also visited: Sewer.

You collected 4319 gold pieces.
You spent 318 gold pieces at shops.

Inventory:

Hand Weapons
 a - the +10 broad axe of Gaohekoz (weapon) {freeze, Int+7}
   (Trog gifted it to you on level 1 of the Lair of Beasts)

   It has been specially enchanted to freeze those struck by it, causing extra
   injury to most foes and up to half again as much damage against particularly
   susceptible opponents.
   It can also slow down cold-blooded creatures.
   It affects your intelligence (+7).
 b - a +2 broad axe of flaming
 J - a +4 hand axe
 P - a +6 antimagic war axe
Missiles
 g - 4 curare-tipped needles
 K - 20 tomahawks of dispersal (quivered)
Armour
 f - the +1 pair of gloves of the Morning (worn) {-Tele rCorr Stlth+}
   (You acquired it on level 12 of the Dungeon)

   It prevents most forms of teleportation.
   It protects you from acid and corrosion.
   It makes you more stealthy.
 i - the +5 plate armour "Zana" (worn) {+Fly rPois MP+9 Dex-4}
   (You found it on level 14 of the Dungeon)

   It affects your dexterity (-4).
   It protects you from poison.
   It affects your magic capacity (+9).
   It lets you fly.
 k - a +0 pair of boots (worn)
 z - a +5 shield of reflection (worn)
 N - a +1 cloak (worn)
Jewellery
 h - the amulet "Nunealubb" (around neck) {RegenMP Int+6}
   (You found it on level 3 of the Lair of Beasts)

   [amulet of magic regeneration]

   It increases your magic regeneration.
   It affects your intelligence (+6).
 n - an uncursed ring of protection from cold
 p - a ring of protection from fire (left hand)
 t - a ring of protection from magic (right hand)
Wands
 j - a wand of paralysis (11/24)
 D - a wand of lightning (7/15)
 F - a wand of flame (19/48)
 H - a wand of confusion (31/48)
 I - a wand of enslavement (13/24)
 Q - a wand of flame (32/48)
 T - a wand of random effects (30/48)
Scrolls
 c - a scroll of summoning
 d - 3 scrolls of fog
 e - 3 scrolls of recharging
 m - 15 scrolls of teleportation
 u - 15 scrolls of identify
 w - a scroll of fear
 y - a scroll of brand weapon
 E - 9 scrolls of remove curse
 G - 3 scrolls of enchant armour
 O - 4 scrolls of enchant weapon
 U - a scroll of acquirement
Potions
 q - 2 potions of cure mutation
 r - 7 potions of brilliance
 s - 2 potions of invisibility
 v - 14 potions of curing
 A - a potion of flight
 C - 2 potions of berserk rage
 M - a potion of cancellation
 R - 3 potions of haste
 S - 3 potions of heal wounds
 W - 3 potions of might
Books
 L - a book of Misfortune

   Spells                             Type                      Level
   a - Confusing Touch                Hexes                        2
   b - Confuse                        Hexes                        3
   c - Gell's Gravitas                Hexes/Translocation          3
   d - Petrify                        Transmutation/Earth          4
   e - Metabolic Englaciation         Hexes/Ice                    5
   f - Yara's Violent Unravelling     Hexes/Transmutation          5
   Trog disapproves of the use of such an item.
Miscellaneous
 x - a lamp of fire
Comestibles
 l - 25 fruits
 o - 21 bread rations
 B - 12 royal jellies
 V - 2 chunks of flesh


   Skills:
 * Level 18.8 Fighting
 + Level 20.3 Axes
   Level 2.1(13.9) Polearms
 - Level 1.9 Throwing
 * Level 18.3 Armour
 + Level 10.9 Dodging
 + Level 4.9 Stealth
 * Level 13.8 Shields
 - Level 2.0 Evocations


You had 17 spell levels left.
You didn't know any spells.

Dungeon Overview and Level Annotations

Branches:
Dungeon (15/15)            Temple (0/1) D:5            Lair (8/8) D:10
 Shoals (0/4) Lair:3        Snake (4/4) Lair:6        Slime (0/6) Lair:7
    Orc (2/2) D:10            Elf (0/3) Orc:2        Vaults (0/5) D:14
 Depths (0/5) D:15

Altars:
Ashenzari
Cheibriados
Dithmenos
Gozag
Kikubaaqudgha
Nemelex Xobeh
Sif Muna
Trog
Vehumet
Xom
Yredelemnul
Zin
The Shining One
Beogh

Shops:
D:6 *   D:8 [   D:11 [   D:13 (   D:15 !%   Orc:2 ((:(}   Snake:1 :

Annotations:
D:6 1 exclusion
D:7 1 exclusion
D:10 1 exclusion
D:11 1 exclusion
D:12 1 exclusion
D:13 1310+3544, 1 exclusion
D:15 1 exclusion
Lair:4 2 exclusions
Lair:5 1 exclusion
Lair:7 2 exclusions
Lair:8 exclusions: oklob plant, plant and 1 more exclusion
Snake:2 1 exclusion
Snake:3 1 exclusion
Snake:4 exclusions: 2 doors and 1 more exclusion
Orc:1 1 exclusion


Innate Abilities, Weirdness & Mutations

You reflexively headbutt those who attack you in melee.
You have a pair of horns on your head.


Message History

The naga sharpshooter casts a spell.
The naga sharpshooter magically shoots a bolt.
You reflect the bolt off your +5 shield of reflection!
The shock serpent bites you!
* * * LOW HITPOINT WARNING * * *
The shock serpent shocks you!
* * * LOW HITPOINT WARNING * * *
The shock serpent shoots out a bolt of lightning at you!
The bolt of electricity hits you!
* * * LOW HITPOINT WARNING * * *
There is a large open door, spattered with blood here.
Things that are here:
a robe; a shock serpent corpse; a naga corpse Drink which item? (? for menu, Esc to quit)
You feel much better.
You feel sick. You block the shock serpent's attack.
The shock serpent barely misses you.
The naga sharpshooter casts a spell.
The naga sharpshooter magically shoots a bolt.
The bolt hits you!!
You die...

#...#.........###..##...
#...##.....##..(()##...#
######.....##(..###.N(.N
### ###...##...##..NNNN
..# #...#)..##.N.N. ..#
####)..##NNN# #.#
#...##)(†# #.#
###.))#S.(## #.#
#....)@S.## #.#
######.....'S.# #.##
#......(.#.#...#
#..###....#####.##...#
#...=.....# #####...#
#(####....# #....
#........## #....
#........# #...
#......#.## ####


You could see a naga warrior, a greater naga, 2 naga sharpshooters, 2 shock
serpents, a black mamba, a naga mage and 2 nagas.

Vanquished Creatures
  Rupert (Lair:7)
  Asterion (Snake:1)
  The ghost of amentoraz the Warrior, an adept MiBe of Trog (Snake:2)
  Frances (D:13)
  Agnes (D:14)
  A frost giant (D:14)
  4 greater nagas
  Donald (D:14)
  Louise (Snake:1)
  2 stone giants
  The ghost of Ferkelamun the Impaler, a journeyman MfSk of Okawaru (Lair:5)
  Azrael (D:13)
  An ettin (Orc:1)
  The ghost of Situis the Covert, a journeyman DsAs of Dithmenos (Lair:4)
  2 fire dragons
  The ghost of lorenzova the Eclecticist, a journeyman DECj of Vehumet (Lair:6)
  Josephine (Lair:8)
  11 naga warriors
  4 hydras
  An ice dragon (D:15)
  15 anacondas
  4 centaur warriors
  A death knight (D:13)
  2 tengu warriors (D:14)
  4 orc high priests
  7 shock serpents
  8 naga sharpshooters
  2 deep troll earth magi (D:14)
  3 sea snakes (Snake:4)
  4 unseen horrors
  3 salamander mystics
  2 skeletal warriors (D:14)
  A wizard (D:15)
  6 naga ritualists
  23 hill giants
  Pikel (D:8)
  2 lindwurms (Lair:8)
  14 salamanders
  6 orc knights
  7 mana vipers
  11 ugly things
  2 manticores
  2 deep elf magi
  4 orc sorcerers (Orc:2)
  7 cyclopes
  6 griffons
  61 black mambas
  9 guardian serpents
  6 torpor snails (Lair:8)
  Psyche (D:8)
  17 naga magi
  13 spiny frogs
  4 gargoyles
  5 rime drakes
  2 centaur skeletons
  2 freezing wraiths (D:13)
  4 tengu conjurers (D:14)
  13 komodo dragons
  9 trolls
  10 polar bears
  3 raiju (Lair:8)
  5 giant leeches (Lair:8)
  A boulder beetle (Lair:6)
  3 two-headed ogres
  Prince Ribbit (D:5)
  22 blink frogs
  12 slime creatures
  A centaur simulacrum (D:15)
  2 shadows
  6 wraiths
  A hill giant zombie (Orc:1)
  43 yaks
  3 fire elementals (D:13)
  4 wyverns
  16 humans (D:14)
  2 hungry ghosts
  2 basilisks
  10 hippogriffs
  A hog (shapeshifter) (D:13)
  A steam dragon (D:13)
  2 vampire mosquitoes
  Edmund (D:5)
  55 nagas
  14 wargs
  A soldier ant (D:14)
  A mottled dragon (D:13)
  23 water moccasins
  9 hell hounds
  13 porcupines
  37 orc warriors
  11 sky beasts
  2 ice beasts
  A slave (D:8)
  2 eyes of draining (D:13)
  18 black bears
  5 wasps
  A boggart (D:14)
  A necrophage (D:10)
  15 ogres
  42 wolves
  5 centaurs
  14 crocodiles
  4 big kobolds
  33 giant frogs
  A gnoll sergeant (D:11)
  3 cyclops zombies (Orc:1)
  A water moccasin skeleton (D:5)
  2 scorpions
  A wyvern skeleton (D:14)
  13 killer bees
  15 wights
  2 howler monkeys
  2 electric eels (Lair:5)
  3 centaur zombies
  7 crimson imps
  3 giant frog zombies
  4 jellies
  36 orc wizards
  3 giant frog skeletons
  18 orc priests
  20 hounds
  17 iguanas
  9 hell rats
  11 worker ants
  14 sheep (Lair:8)
  A hound zombie (D:7)
  2 hound skeletons
  2 worker ant zombies
  5 gnolls (D:11)
  78 river rats
  23 adders
  A howler monkey skeleton (D:6)
  5 shadow imps
  An ooze (Sewer)
  2 adder skeletons
  20 worms
  2 dart slugs (D:3)
  10 giant geckos
  99 orcs
  10 bats
  8 giant cockroaches
  13 hobgoblins
  12 jackals
  24 kobolds
  5 quokkas
  7 ball pythons
  A giant gecko skeleton (D:8)
  8 giant newts
  6 goblins
  A quokka skeleton (D:8)
  42 rats
  5 bushes (Lair:1)
  16 fungi
  24 plants
1408 creatures vanquished.

Vanquished Creatures (collateral kills)
  5 hydras
  Erolcha (D:8)
  A yak (Lair:6)
  A water moccasin (Lair:6)
  A slave (D:8)
  An iguana (Lair:3)
  An adder (D:8)
11 creatures vanquished.

Vanquished Creatures (others)
  A naga sharpshooter (Snake:2)
  A salamander (Snake:4)
  A slave (D:8)
  2 wolves (Lair:5)
  A centaur (D:13)
  A centaur skeleton (D:10)
  6 kobolds
  14 fungi
  33 plants
60 creatures vanquished.

Grand Total: 1479 creatures vanquished

Notes
Turn   | Place    | Note
--------------------------------------------------------------
     0 | D:1      | Joat the Minotaur Berserker began the quest for the Orb.
     0 | D:1      | Reached XP level 1. HP: 19/19 MP: 0/0
    73 | D:1      | Reached skill level 4 in Axes
   232 | D:1      | Reached XP level 2. HP: 23/26 MP: 1/1
   617 | D:1      | Reached skill level 5 in Axes
   619 | D:1      | Reached ** piety under Trog
   630 | D:1      | Reached XP level 3. HP: 28/31 MP: 2/2
  2247 | D:2      | Found a radiant altar of Vehumet.
  2775 | D:2      | Reached XP level 4. HP: 39/39 MP: 3/3
  2828 | D:2      | Reached skill level 6 in Axes
  3462 | D:3      | Reached *** piety under Trog
  3662 | D:3      | Found a shattered altar of Ashenzari.
  3836 | D:3      | Found a shadowy altar of Dithmenos.
  3849 | D:3      | Found a basalt altar of Yredelemnul.
  3855 | D:3      | Found an ancient bone altar of Kikubaaqudgha.
  4278 | D:4      | Reached XP level 5. HP: 35/45 MP: 4/4
  4340 | D:4      | Reached skill level 7 in Axes
  4670 | D:4      | Reached XP level 6. HP: 52/52 MP: 5/5
  4709 | D:4      | Reached skill level 8 in Axes
  5126 | D:5      | Entered Level 5 of the Dungeon
  5215 | D:5      | Reached XP level 7. HP: 59/60 MP: 6/6
  5233 | D:5      | Found a staircase to the Ecumenical Temple.
  5379 | D:5      | Noticed Edmund
  5388 | D:5      | Killed Edmund
  5388 | D:5      | Reached skill level 5 in Fighting
  5388 | D:5      | Reached skill level 9 in Axes
  5808 | D:5      | Got a blackened hand axe
  5809 | D:5      | Identified the +7 hand axe of the Hierophant {freeze, Int+4 Dex+2} (You found it on level 5 of the Dungeon)
  5920 | D:5      | Noticed Prince Ribbit
  5938 | D:5      | Killed Prince Ribbit
  5987 | D:5      | Reached **** piety under Trog
  5995 | D:5      | Reached XP level 8. HP: 60/69 MP: 7/7
  6262 | D:5      | Received a gift from Trog
  6575 | D:6      | Reached skill level 10 in Axes
  6644 | D:6      | Found a snail-covered altar of Cheibriados.
  6685 | D:6      | Reached skill level 5 in Armour
  6888 | D:6      | Found Feobbublaxt's General Store.
  6895 | D:6      | Reached skill level 11 in Axes
  7161 | D:6      | Found a glowing drain.
  7173 | Sewer    | Entered a sewer
  7207 | Sewer    | Reached XP level 9. HP: 79/79 MP: 8/8
  7988 | D:6      | Bought a +0 buckler for 58 gold pieces
  8120 | D:7      | Found an opulent altar of Gozag.
  8241 | D:7      | Reached skill level 1 in Shields
  8411 | D:7      | Found a deep blue altar of Sif Muna.
  8484 | D:7      | Reached skill level 12 in Axes
  8492 | D:7      | Reached ***** piety under Trog
  8952 | D:8      | Found Leapnon's Antique Armour Shoppe.
  8975 | D:8      | Bought a shiny chain mail for 117 gold pieces
  8995 | D:8      | Found a shimmering altar of Xom.
  8995 | D:8      | Found a glowing silver altar of Zin.
  8996 | D:8      | Noticed an angel
  9106 | D:8      | Noticed Erolcha
  9275 | D:8      | Received a gift from Trog
  9501 | D:8      | Noticed a moth of wrath
  9504 | D:8      | Found a bloodstained altar of Trog.
  9868 | D:8      | Killed Erolcha
  9929 | D:8      | Noticed Psyche
 10070 | D:8      | Noticed Pikel
 10078 | D:8      | Killed Pikel
 10078 | D:8      | Reached skill level 13 in Axes
 10078 | D:8      | Reached XP level 10. HP: 90/90 MP: 9/9
 10157 | D:8      | Killed Psyche
 10588 | D:9      | Noticed a guardian serpent
 10632 | D:9      | Killed a guardian serpent
 10768 | D:9      | Identified the Handbook of Stolen Souls and Ice
 10791 | D:9      | Noticed a guardian serpent
 10809 | D:9      | Killed a guardian serpent
 10969 | D:9      | Found a glowing golden altar of the Shining One.
 10988 | D:9      | Noticed a gargoyle
 10997 | D:9      | Killed a gargoyle
 10997 | D:9      | Reached skill level 5 in Shields
 11205 | D:9      | Noticed a green ugly thing
 11213 | D:9      | Killed a green ugly thing
 12024 | D:9      | Found a sparkling altar of Nemelex Xobeh.
 12117 | D:9      | Reached skill level 14 in Axes
 12238 | D:10     | Entered Level 10 of the Dungeon
 12560 | D:10     | Reached XP level 11. HP: 66/97 MP: 10/10
 12812 | D:10     | Noticed a hill giant
 12823 | D:10     | Killed a hill giant
 12823 | D:10     | Reached skill level 5 in Dodging
 12882 | D:10     | Found a staircase to the Orcish Mines.
 13188 | D:10     | Found a staircase to the Lair.
 13549 | Lair:1   | Entered Level 1 of the Lair of Beasts
 13562 | Lair:1   | Reached skill level 10 in Fighting
 13985 | Lair:1   | Received a gift from Trog
 13991 | Lair:1   | Got a twisted broad axe {god gift}
 14000 | Lair:1   | Identified the +10 broad axe of Gaohekoz {freeze, Int+7} (Trog gifted it to you on level 1 of the Lair of Beasts)
 14041 | Lair:1   | Got a crude chain mail
 14052 | Lair:1   | Identified the cursed +1 chain mail "Pahomudo" {+Inv} (You found it on level 1 of the Lair of Beasts)
 14178 | Lair:1   | Reached skill level 15 in Axes
 14237 | Lair:1   | Noticed a six-headed hydra
 14250 | Lair:1   | Killed a seven-headed hydra
 14250 | Lair:1   | Reached skill level 10 in Armour
 15206 | Lair:2   | Reached XP level 12. HP: 106/110 MP: 11/11
 15664 | Lair:2   | Reached skill level 16 in Axes
 15733 | Lair:2   | Received a gift from Trog
 16545 | Lair:3   | Received a gift from Trog
 16580 | Lair:3   | Got a scintillating sapphire amulet
 16608 | Lair:2   | Identified the amulet "Nunealubb" {RegenMP Int+6} (You found it on level 3 of the Lair of Beasts)
 17565 | Lair:3   | Found a staircase to the Shoals.
 17653 | Lair:3   | Noticed a seven-headed hydra
 17660 | Lair:3   | Killed a six-headed hydra
 17660 | Lair:3   | Reached skill level 17 in Axes
 18026 | Lair:4   | Noticed Situis's ghost (journeyman DsAs)
 18283 | Lair:4   | Killed Situis's ghost
 19195 | Lair:4   | Noticed a four-headed hydra
 19205 | Lair:4   | Killed a one-headed hydra
 19205 | Lair:4   | Reached XP level 13. HP: 119/119 MP: 12/12
 19679 | Lair:5   | Noticed Ferkelamun's ghost (journeyman MfSk)
 20359 | Lair:5   | Killed Ferkelamun's ghost
 20582 | Lair:5   | You fall through a shaft for 3 floors!
 20582 | Lair:8   | Entered Level 8 of the Lair of Beasts
 20645 | Lair:7   | Reached skill level 18 in Axes
 20714 | Lair:6   | Noticed lorenzova's ghost (journeyman DECj)
 20718 | Lair:6   | Killed lorenzova's ghost
 21851 | Lair:5   | Received a gift from Trog
 22938 | Lair:6   | Found a staircase to the Snake Pit.
 23669 | Lair:7   | Found a staircase to the Slime Pits.
 24277 | Lair:8   | Reached ****** piety under Trog
 24281 | Lair:8   | Received a gift from Trog
 24281 | Lair:8   | Reached XP level 14. HP: 94/130 MP: 13/13
 25072 | Lair:8   | Noticed Rupert
 25078 | Lair:8   | Paralysed by Rupert for 4 turns
 25085 | Lair:8   | Noticed Josephine
 25111 | Lair:7   | Killed Rupert
 25415 | Lair:8   | Killed Josephine
 25919 | Lair:8   | Found a runed door.
 27467 | Orc:1    | Entered Level 1 of the Orcish Mines
 27939 | Orc:1    | Reached skill level 19 in Axes
 28324 | Orc:1    | Found a roughly hewn altar of Beogh.
 28332 | Orc:1    | Reached skill level 15 in Fighting
 28930 | Orc:1    | Received a gift from Trog
 29017 | Orc:1    | Reached XP level 15. HP: 141/141 MP: 4/14
 29121 | Orc:1    | Reached skill level 15 in Armour
 29251 | Orc:1    | Got a crystal hand crossbow
 29266 | Orc:1    | Identified the +9 hand crossbow of Loledd {penet, *Corrode rElec Str+2} (You found it on level 1 of the Orcish Mines)
 29286 | Orc:1    | Got a slimy long sword
 29291 | Orc:1    | Got a shimmering hand crossbow
 29300 | Orc:1    | Identified the +8 long sword of the Vine {venom, rF+ Int+4 Dex+2} (You found it on level 1 of the Orcish Mines)
 29313 | Orc:1    | Identified the +4 hand crossbow of Anxiety {venom, rC+ Str+2 Int-5} (You found it on level 1 of the Orcish Mines)
 29709 | Orc:2    | Entered Level 2 of the Orcish Mines
 29709 | Orc:2    | Found Asing's Gadget Boutique.
 29938 | Orc:2    | Found a staircase to the Elven Halls.
 30285 | Orc:2    | Found Beaf Doc's Weapon Shop.
 30715 | Orc:2    | Found Diryp's Weapon Emporium.
 30715 | Orc:2    | Found Enun Heu's Antique Weapon Shop.
 30720 | Orc:2    | Found Ajysues's Book Emporium.
 30997 | Orc:2    | Received a gift from Trog
 32234 | D:11     | Reached skill level 1 in Throwing
 32278 | D:11     | Found Intab's Antique Armour Shop.
 32606 | D:11     | Found a shimmering altar of Xom.
 34045 | D:13     | Noticed Azrael
 34070 | D:13     | Killed Azrael
 34070 | D:13     | Reached skill level 10 in Shields
 34120 | D:13     | Found a glowing silver altar of Zin.
 34255 | D:13     | You fall through a shaft for 2 floors!
 34255 | D:15     | Entered Level 15 of the Dungeon
 34535 | D:14     | Received a gift from Trog
 34575 | D:14     | Found a gate to the Vaults.
 34578 | D:14     | Noticed Donald
 34593 | D:14     | Killed Donald
 34799 | D:13     | Reached XP level 16. HP: 124/152 MP: 15/15
 34886 | D:13     | Found Vidacoz's Weapon Shoppe.
 35332 | D:14     | Noticed Frances
 35340 | D:13     | Killed Frances
 35726 | D:14     | Received a gift from Trog
 36060 | D:14     | Noticed Agnes
 36070 | D:14     | Killed Agnes
 36136 | D:14     | Got an iridescent arbalest
 37309 | D:14     | Got a distressingly furry plate armour
 37320 | D:14     | Identified the +5 plate armour "Zana" {+Fly rPois MP+9 Dex-4} (You found it on level 14 of the Dungeon)
 37794 | D:14     | Reached skill level 1 in Evocations
 38261 | D:12     | Identified a scroll of acquirement
 38291 | D:12     | Got a pair of dazzling gloves
 38302 | D:12     | Identified the +1 pair of gloves of the Morning {-Tele rCorr Stlth+} (You acquired it on level 12 of the Dungeon)
 38654 | D:14     | Reached skill level 1 in Polearms
 39079 | D:15     | Found Xoaz's Distillery.
 39087 | D:15     | Bought a potion of curing for 39 gold pieces
 39087 | D:15     | Bought a potion of heal wounds for 65 gold pieces
 39087 | D:15     | Bought a potion of curing for 39 gold pieces
 39276 | D:15     | Found Efuadeiq's Food Emporium.
 39455 | D:15     | Found a shadowy altar of Dithmenos.
 39503 | D:15     | Reached skill level 1 in Stealth
 39842 | D:15     | Found a staircase to the Depths.
 40447 | Snake:1  | Entered Level 1 of the Snake Pit
 40498 | Snake:1  | Noticed Asterion
 40526 | Snake:1  | Killed Asterion
 40614 | Snake:1  | Received a gift from Trog
 40863 | Snake:1  | Noticed Louise
 40881 | Snake:1  | Killed Louise
 41518 | Snake:1  | Found Qaleej's Book Shoppe.
 41704 | Snake:1  | Reached skill level 10 in Dodging
 42063 | Snake:2  | Got an iridescent quarterstaff
 42397 | Snake:2  | Reached XP level 17. HP: 163/163 MP: 17/17
 42492 | Snake:2  | Received a gift from Trog
 42546 | Snake:2  | Identified the +5 quarterstaff "Rill" {drain, *Rage rPois rF+ Stlth+} (You found it on level 2 of the Snake Pit)
 43945 | Snake:2  | Found a runed gate.
 43945 | Snake:2  | Found a runed gate.
 43946 | Snake:2  | Found a runed gate.
 44109 | Snake:2  | Noticed amentoraz's ghost (adept MiBe)
 44118 | Snake:2  | Killed amentoraz's ghost
 44357 | Snake:2  | Reached skill level 20 in Axes
 44606 | Snake:3  | Received a gift from Trog
 46010 | Snake:4  | Entered Level 4 of the Snake Pit
 46053 | Snake:4  | Received a gift from Trog
 46078 | Snake:4  | Got a polished falchion {god gift}
 46111 | Snake:3  | Identified the +1 falchion of Bodily Harmony {flame, rPois} (Trog gifted it to you on level 4 of the Snake Pit)
 46566 | Snake:4  | Reached XP level 18. HP: 127/173 MP: 18/18
 47208 | Snake:4  | Received a gift from Trog
 47215 | Snake:4  | HP: 1/174 [shock serpent/bolt of electricity (23)]
 47216 | Snake:4  | Shot with a bolt by a naga sharpshooter

Skill      XL: |  1  2  3  4  5  6  7  8  9 10 11 12 13 14 15 16 17 |
---------------+----------------------------------------------------+-----
Axes           | 4 5 6 7 8 9 11 13 14 15 17 18 19 20 | 20.3
Fighting       | 4 5 7 8 9 11 12 13 15 16 17 18 | 18.8
Dodging        | 3 4 5 6 7 9 10 | 10.9
Armour         | 4 5 7 8 10 12 13 14 16 17 18 | 18.3
Shields        | 4 5 6 7 9 10 12 13 | 13.8
Throwing       | 1 |  1.9
Evocations     | 2 |  2.0
Polearms       | 2 |  2.1
Stealth        | 2 4 |  4.9

Action                   |  1- 3 |  4- 6 |  7- 9 | 10-12 | 13-15 | 16-18 || total
-------------------------+-------+-------+-------+-------+-------+-------++-------
Melee: Hand axe          |    76 |   104 |   326 |   252 |    17 |     8 ||   783
       Headbutt          |     7 |    19 |    60 |    98 |   268 |   158 ||   610
       Broad axe         |       |       |       |   305 |  1180 |   866 ||  2351
       Executioner's axe |       |       |       |       |    23 |       ||    23
Throw: Javelin           |       |     4 |       |       |       |       ||     4
Invok: Berserk           |     2 |     5 |    16 |    14 |    16 |    13 ||    66
       Trog's Hand       |       |     1 |     3 |     4 |     4 |     3 ||    15
       Brothers in Arms  |       |       |     2 |     2 |     4 |     1 ||     9
       Burn Spellbooks   |       |       |       |       |     3 |       ||     3
Evoke: Lamp of fire      |       |       |       |       |       |     2 ||     2
  Use: Scroll            |       |       |    15 |     5 |     6 |    12 ||    38
       Potion            |       |       |     5 |       |     9 |     3 ||    17
 Stab: Distracted        |       |       |       |     1 |     1 |     1 ||     3
  Eat: Chunk             |     3 |    13 |    29 |    30 |    44 |    31 ||   150
       Bread ration      |     1 |       |       |       |       |     1 ||     2
       Meat ration       |       |       |     1 |     2 |     3 |       ||     6
       Royal jelly       |       |       |     1 |       |       |       ||     1
       Pizza             |       |       |       |     2 |     3 |     1 ||     6
       Beef jerky        |       |       |       |       |     2 |    10 ||    12
Armor: Animal skin       |     2 |       |       |       |       |       ||     2
       Ring mail         |    26 |    18 |       |       |       |       ||    44
       Scale mail        |       |    10 |    63 |       |       |       ||    73
       Chain mail        |       |       |    17 |   169 |   335 |    34 ||   555
       Plate armour      |       |       |       |       |       |   309 ||   309
Dodge: Dodged            |    46 |    65 |   123 |   185 |   391 |   190 ||  1000
Block: Buckler           |       |       |    22 |    89 |   122 |       ||   233
       Shield            |       |       |       |       |    71 |   599 ||   670
       Reflection        |       |       |       |       |     4 |    52 ||    56
